 Dungeon Crawl Stone Soup version 0.17-a0-1625-g47e540b (webtiles) character file.

1832 tompliss the Spear-Bearer (level 8, -5/61 HPs)
             Began as a Centaur Gladiator on Aug 2, 2015.
             Was a Follower of Okawaru.
             Killed by divine providence
             ... invoked by an orc priest
              (14 damage)
             ... on level 8 of the Dungeon.
             The game lasted 00:22:38 (8933 turns).

tompliss the Spear-Bearer (Centaur Gladiator)       Turns: 8933, Time: 00:22:39

Health: -5/61      AC:  8    Str: 23 (24) XL:     8   Next: 86%
Magic:  9/9        EV:  8    Int:  7      God:    Okawaru [*.....]
Gold:   416        SH:  3    Dex: 11      Spells: 0 memorised, 7 levels left

rFire  . . .     SeeInvis .     a - +0 trident
rCold  . . .     Rnd*Rage +     n - +0 ring mail
rNeg   . . .     SustAt   .     t - +0 buckler
rPois  .         Gourm    +     D - +0 helmet
rElec  .         Spirit   .     (no cloak)
rCorr  .         Warding  .     (no gloves)
rMut   .         Stasis   .     (no barding)
MR     .....                    y - amulet of the gourmand (curse)
Stlth  ..........               K - +2 ring of protection
                                (no ring)

@: mighty, very slightly contaminated, hasted, drained, very quick, not
resistant to hostile enchantments, extremely unstealthy
A: hooves 3, berserk 1, deformed body, deterioration 1, speed 2, tough skin 3
a: Heroism, Renounce Religion


You were on level 8 of the Dungeon.
You worshipped Okawaru.
Okawaru was aware of your devotion.
You were not hungry.

You visited 2 branches of the dungeon, and saw 9 of its levels.

You collected 416 gold pieces.

Inventory:

Hand weapons
 a - a +0 trident (weapon)
 u - a +0 hunting sling
 L - a +0 shortbow
Missiles
 f - 73 sling bullets
 g - 277 stones (quivered)
 r - 2 throwing nets
 B - 17 poisoned needles
 G - 72 arrows
 P - 7 javelins
Armour
 b - a +0 leather armour
 c - a +0 helmet
 d - a +2 robe of resistance
 n - a +0 ring mail (worn)
 o - a +0 scale mail
 t - a +0 buckler (worn)
 D - a +0 helmet (worn)
Jewellery
 x - an uncursed ring of magical power
 y - a cursed amulet of the gourmand (around neck)
 H - an uncursed amulet of rage {unknown}
 K - a +2 ring of protection (right hand)
 O - an uncursed amulet of stasis {unknown}
Magical devices
 A - a wand of frost (14)
 C - a wand of magic darts (20)
 M - a wand of random effects (9)
 R - a wand of slowing (16)
Scrolls
 i - 11 scrolls of identify {unknown}
 k - 2 scrolls of teleportation {unknown}
 l - 2 scrolls of enchant weapon {unknown}
 p - 5 scrolls of remove curse {unknown}
 q - 2 scrolls of enchant armour {unknown}
 w - 2 scrolls of recharging {unknown}
 F - a scroll of fog {unknown}
 N - a scroll of magic mapping {unknown}
 Q - a scroll of fear {unknown}
Potions
 e - a potion of heal wounds {unknown}
 j - a potion of curing
 s - a potion of might
 v - a potion of haste
 z - 2 potions of brilliance {unknown}
 E - 2 potions of flight {unknown}
Books
 J - a book of Dreams

   Spells                             Type                      Level
   a - Ensorcelled Hibernation        Hexes/Ice                    2
   b - Phase Shift                    Translocation                5
   c - Shadow Creatures               Summoning                    5
   d - Silence                        Hexes/Air                    5
   e - Darkness                       Hexes                        6
   f - Mass Confusion                 Hexes                        6
 S - a book of Burglary

   Spells                             Type                      Level
   a - Swiftness                      Charms/Air                   2
   b - Passwall                       Transmutation/Earth          3
   c - Passage of Golubria            Translocation                4
   d - Lee's Rapid Deconstruction     Earth                        5
   e - Darkness                       Hexes                        6
   f - Invisibility                   Hexes                        6
Comestibles
 h - 2 royal jellies
 m - 2 meat rations
 I - 4 bread rations
 T - 2 chunks of flesh


   Skills:
 - Level 2.0(1.2) Fighting
 * Level 9.6(8.6) Polearms
 + Level 2.9(2.1) Bows
 - Level 2.6(1.9) Throwing
 - Level 2.2(1.4) Armour
 - Level 2.1(1.4) Dodging
 - Level 2.0(1.3) Shields
 - Level 2.1(1.4) Invocations


You had 7 spell levels left.
You didn't know any spells.

Dungeon Overview and Level Annotations

Branches:
Dungeon (8/15)             Temple (1/1) D:6
   Lair: D:8-11

Altars:
Ashenzari
Cheibriados
Elyvilon
Fedhas
Gozag
Kikubaaqudgha
Nemelex Xobeh
Okawaru
Qazlal
Ru
Sif Muna
Trog
Vehumet
Xom
Yredelemnul
Zin
The Shining One

Annotations:
D:4 Tobbichi's ghost, average GrEE


Innate Abilities, Weirdness & Mutations

You have hooves in place of feet.
Armour fits poorly on your strangely shaped body.
You cover ground very quickly.
You have extremely tough skin (AC +3).
You tend to lose your temper in combat.
Your body sometimes deteriorates upon taking damage.


Message History

The orc warrior is heavily wounded.
The orc warrior hits you with a mace!
* * * LOW HITPOINT WARNING * * *
Drink which item? (? for menu, Esc to quit)
You feel better.
The orc priest calls upon Beogh to heal the orc warrior.
The orc warrior is healed somewhat.
The orc warrior hits you but does no damage.
Drink which item? (? for menu, Esc to quit)
It was a potion of haste.
You feel yourself speed up.
You are very lightly contaminated with residual magic.
You hit the orc warrior but do no damage.
You kick the orc warrior!
The orc warrior is heavily wounded.
You puncture the orc warrior!
You kill the orc warrior!
Okawaru accepts your kill.
The orc priest calls down the wrath of Beogh upon you.
Something smites you!
You die...

####.. .
............#
##.
#.........#
..
#.$<......#
##
#...o.....#
##.########
####..#
#..##o#
#8..#)#
+._.@.#
#8..### #..#
###


You could see an orc priest.

Vanquished Creatures
  2 orc warriors
  An ice beast (D:7)
  A sky beast (D:5)
  A centaur (D:6)
  An ogre (D:4)
  2 phantoms
  3 giant frogs
  3 crimson imps
  2 centaur skeletons
  6 hounds
  2 orc priests (D:6)
  5 orc wizards
  A giant frog skeleton (D:7)
  Terence (D:3)
  5 worker ants
  Robin (D:3)
  8 gnolls
  4 adders
  2 shadow imps
  An adder zombie (D:6)
  An adder skeleton (D:4)
  A worm (D:3)
  2 giant geckos
  14 orcs
  A ball python (D:3)
  11 bats
  14 goblins
  10 hobgoblins
  6 jackals
  A quokka (D:7)
  5 giant cockroaches
  A giant cockroach zombie (D:6)
  A giant gecko skeleton (D:4)
  A giant gecko zombie (D:5)
  5 giant newts
  A jackal zombie (D:5)
  4 kobolds
  6 rats
137 creatures vanquished.

Notes
Turn   | Place    | Note
--------------------------------------------------------------
     0 | D:1      | tompliss the Centaur Gladiator began the quest for the Orb.
     0 | D:1      | Reached XP level 1. HP: 17/17 MP: 1/1
    22 | D:1      | Reached skill level 3 in Polearms
   190 | D:1      | Reached XP level 2. HP: 22/24 MP: 2/2
   893 | D:2      | Reached XP level 3. HP: 19/29 MP: 3/3
   910 | D:2      | Reached skill level 4 in Polearms
  1856 | D:3      | Reached XP level 4. HP: 22/36 MP: 4/4
  2067 | D:3      | Noticed Terence
  2076 | D:3      | Killed Terence
  2076 | D:3      | Reached skill level 1 in Shields
  2320 | D:3      | Reached skill level 5 in Polearms
  2320 | D:3      | Reached XP level 5. HP: 30/41 MP: 5/5
  2493 | D:3      | Noticed Robin
  2506 | D:3      | Killed Robin
  3363 | D:4      | Noticed Tobbichi's ghost (average GrEE)
  3575 | D:4      | Noticed an ogre
  3585 | D:4      | Killed an ogre
  3585 | D:4      | Reached XP level 6. HP: 35/48 MP: 6/6
  3699 | D:4      | Reached skill level 6 in Polearms
  3930 | D:4      | Found a shimmering altar of Xom.
  4274 | D:4      | Reached skill level 1 in Armour
  4274 | D:4      | Reached XP level 7. HP: 55/55 MP: 7/7
  4576 | D:5      | Entered Level 5 of the Dungeon
  4839 | D:5      | Gained mutation: Your body sometimes deteriorates upon taking damage. [mutagenic meat]
  4840 | D:5      | Gained mutation: You tend to lose your temper in combat. [mutagenic meat]
  4955 | D:5      | Reached skill level 7 in Polearms
  5320 | D:6      | Found a staircase to the Ecumenical Temple.
  5357 | Temple   | Entered the Ecumenical Temple
  5421 | Temple   | Became a worshipper of Warmaster Okawaru
  5555 | D:6      | Noticed an orc warrior
  5595 | D:6      | Killed an orc warrior
  6104 | D:6      | Found a radiant altar of Vehumet.
  7078 | D:6      | Reached skill level 8 in Polearms
  7078 | D:6      | Reached XP level 8. HP: 42/61 MP: 8/8
  7557 | D:7      | Acquired Okawaru's first power
  7698 | D:7      | Reached skill level 1 in Invocations
  8111 | D:7      | Found a glowing silver altar of Zin.
  8194 | D:7      | Reached skill level 9 in Polearms
  8379 | D:8      | Reached skill level 1 in Bows
  8905 | D:7      | Noticed a hill giant
  8922 | D:8      | Found a deep blue altar of Sif Muna.
  8928 | D:8      | HP: 2/61 [orc warrior/mace (15)]
  8933 | D:8      | Killed from afar by an orc priest

Vault maps used:
D:1:      dpeg_arrival_stonehenge_8_columns
D:3:      uniq_terence, uniq_robin
D:4:      led_xom_imps
D:5:      first_bread, mrwooster_statue_mirror
D:6:      vehumet_crystals
D:7:      zin_treasury
D:8:      makhleb_heckhound_becter, led_sif_book, serial_shops, shop,
          fedhas_altar_2
Temple:   nicolae_temple_god_jail

Action                   |  1- 3 |  4- 6 |  7- 9 || total
-------------------------+-------+-------+-------++-------
Melee: Trident           |   123 |   219 |   348 ||   690
Throw: Stone             |       |    13 |     7 ||    20
       Throwing net      |       |     2 |     5 ||     7
Evoke: Wand              |       |     2 |     8 ||    10
  Use: Potion            |       |       |     9 ||     9
 Stab: Held in net/web   |       |       |     1 ||     1
  Eat: Chunk             |     2 |     2 |    14 ||    18
       Bread ration      |       |     1 |       ||     1
       Pizza             |       |       |     1 ||     1
       Beef jerky        |       |       |     1 ||     1
